 Dungeon Crawl Stone Soup version 0.31.0-11-ge490571c62 (webtiles) character file.

Game seed: 6365019543605863397

17575 Ashen the Grappler (level 12, -4/122 HPs)
             Began as a Troll Shapeshifter on Feb 2, 2024.
             Was a High Priest of Wu Jian.
             Slain by Snorg (11 damage)
             ... on level 10 of the Dungeon on Feb 3, 2024.
             The game lasted 00:19:50 (7900 turns).

Ashen the Grappler (Troll Shapeshifter)             Turns: 7900, Time: 00:19:51

Health: -4/122     AC:  5    Str: 25    XL:     12   Next: 20%
Magic:  11/11      EV: 22    Int:  6    God:    Wu Jian [*****.]
Gold:   775        SH:  0    Dex: 13    Spells: 11/11 levels left

rFire   . .          .
                       - Unarmed
rCold   . . .        (shield currently unavailable)
rNeg    . . .        a - melded +0 animal skin
rPois   .            J - +2 hat
rElec   .            y - +0 cloak
rCorr   +            (gloves unavailable)
SInv    .            (boots unavailable)
Will    .....        H - amulet of regeneration
Stlth   +            l - +5 ring of evasion
HPRegen 2.00/turn    F - ring of resist corrosion
MPRegen 0.12/turn

%: no passive effects
@: flux-form, glowing
A: glow, contaminating, large, unfitting armour, claws 3, regeneration 1, shaggy
fur 1, tough skin 1
a: Begin Untransformation, Renounce Religion, Wall Jump, Serpent's Lash,
Heavenly Storm


You were on level 10 of the Dungeon.
You worshipped Wu Jian.
Wu Jian was extremely pleased with you.
You were something dangerously unstable.
You visited 1 branch of the dungeon, and saw 11 of its levels.
You also visited: Ossuary and Bailey.

You collected 817 gold pieces.
You spent 42 gold pieces at shops.

Inventory:

Missiles
 G - a throwing net (quivered)
Armour
 a - a +0 animal skin (melded)
 y - a +0 cloak (worn)
 J - a +2 hat (worn)
Jewellery
 l - a +5 ring of evasion (left claw)
 F - a ring of resist corrosion (right claw)
 H - an amulet of regeneration (around neck)
Talismans
 c - a beast talisman
 d - a flux talisman (active)
 t - a blade talisman
 L - a serpent talisman
Wands
 o - a wand of polymorph (14)
 w - a wand of flame (29)
 x - a wand of digging (3)
 E - a wand of charming (10)
Scrolls
 e - 2 scrolls of fear {unknown}
 h - a scroll of revelation {unknown}
 k - 3 scrolls of enchant armour {unknown}
 m - 3 scrolls of fog {unknown}
 p - a scroll of brand weapon {unknown}
 q - a scroll of torment {unknown}
 r - 5 scrolls of teleportation {unknown}
 s - a scroll of blinking {unknown}
 u - 2 scrolls of enchant weapon {unknown}
 z - 4 scrolls of identify {unknown}
 C - a scroll of poison {unknown}
 D - 2 scrolls of vulnerability {unknown}
 I - 3 scrolls of noise {unknown}
 K - a scroll of silence {unknown}
Potions
 b - 5 potions of lignification
 f - 5 potions of curing
 g - a potion of ambrosia {unknown}
 i - 3 potions of brilliance {unknown}
 j - 3 potions of might {unknown}
 n - 4 potions of degeneration {unknown}
 v - 4 potions of enlightenment {unknown}
 A - a potion of berserk rage {unknown}
 B - 5 potions of heal wounds {unknown}
 M - 3 potions of haste {unknown}
 N - a potion of experience {unknown}


   Skills:
 + Level 8.5 Fighting
 + Level 8.7 Dodging
 + Level 10.7 Unarmed Combat
 + Level 9.9 Shapeshifting


You had 11 spell levels left.
You didn't know any spells.
Your spell library contained the following spells:

 Spells                   Type           Power      Damage    Failure   Level
 Call Imp                 Summ           0%         N/A       58%         2
 Static Discharge         Conj/Air       0%         3-3/arc   58%         2
 Sublimation of Blood     Necr           0%         N/A       58%         2
 Ozocubu's Armour         Ice            0%         N/A       83%         3
 Airstrike                Air            0%         2d(0-16)  99%         4
 Manifold Assault         Tloc           0%         N/A       99%         4
 Summon Blazeheart Golem  Fire/Summ      0%         N/A       99%         4
 Summon Lightning Spire   Summ/Air       0%         N/A       99%         4
 Metabolic Englaciation   Hex/Ice        0%         N/A       100%        5
 Summon Forest            Summ/Tloc      0%         N/A       100%        5
 Summon Mana Viper        Hex/Summ       0%         N/A       100%        5
 Dispersal                Tloc           0%         N/A       100%        6
 Sculpt Simulacrum        Ice/Alch       0%         N/A       100%        6
 Summon Cactus Giant      Summ           0%         N/A       100%        6
 Orb of Destruction       Conj           0%         9d5       100%        7
 Spellforged Servitor     Conj/Summ      0%         N/A       100%        7
 Summon Hydra             Summ           0%         N/A       100%        7
 Disjunction              Tloc           0%         N/A       100%        8


Dungeon Overview and Level Annotations

Branches:
Dungeon (11/15)            Temple (0/1) D:4         Ossuary (visited)
 Bailey (visited)
   Lair: D:8-11         Orc: D:9-12

Altars:
Ashenzari
Cheibriados
Hepliaklqana
Kikubaaqudgha
Makhleb
Okawaru
Ru
Wu Jian
Yredelemnul
Zin

Shops:
D:6 [*

Annotations:
D:7 3 runed translucent doors, Farlane's ghost, novice HOMo
D:10 Snorg


Innate Abilities, Weirdness & Mutations

You are something dangerously unstable.
You glow with magical radiation, making you easy to see and hit.
Foes you strike become dangerously contaminated with magical radiation.
You are incapable of wielding weapons or throwing items.
You are too large for most types of armour.
You have claws for hands.
Your natural rate of healing is unusually fast.
You are covered in fur. (AC +1)
You have tough skin. (AC +1)


Message History

You claw Snorg!
Snorg shudders as magic cascades through her!
Snorg twists and deforms.
Snorg is lightly wounded.
Snorg barely misses you. x2; Snorg claws you.
* * * LOW HITPOINT WARNING * * *
It was a potion of curing.
You feel better. Snorg closely misses you.
Snorg misses you. x2; The orc hits you but does no damage.
Snorg bites you.
* * * LOW HITPOINT WARNING * * *
Snorg claws you.
* * * LOW HITPOINT WARNING * * *
Snorg barely misses you.
You completely miss Snorg.
Snorg is lightly wounded.
The orc barely misses you. Snorg misses you. Snorg completely misses you.
Snorg barely misses you.
You mangle Snorg!!
Snorg begins to glow.
Snorg is moderately wounded.
Snorg completely misses you. Snorg closely misses you.
Snorg completely misses you. The orc barely misses you.
You scratch Snorg.
Snorg glows dangerously bright.
Snorg is moderately wounded.
Snorg misses you. Snorg claws you but does no damage. Snorg closely misses you.
The orc priest invokes the aid of Beogh against you.
Beogh smites you!
* * * LOW HITPOINT WARNING * * *
The orc barely misses you.
You claw Snorg!
Snorg shudders as magic cascades through her!!
Snorg twists and deforms.
Snorg is heavily wounded.
Snorg barely misses you. Snorg closely misses you. Snorg claws you.
* * * LOW HITPOINT WARNING * * *
The orc closely misses you.
You claw Snorg!
Snorg begins to glow.
Snorg is heavily wounded.
Snorg bites you!
* * * LOW HITPOINT WARNING * * *
Snorg barely misses you. Snorg claws you!
You die...

#..#....#..####..#.####..##......
#..#....#..####..#..>##.##.......
...###))#...##...#......##...####
..## ##)##......###..........#
.## #).##.)..####........### ##
##.[######............##### #
##.[(....).............[[. #
#######...o##......8.....###
######..........pTo..8.....8..# #
.........##..######...........###
###..........# #...........##. #
##########.# #8....∩....8... #
#.# ###...........#.# #
########.####.............#.#
#####.(...........#..8...).8..#.#
......##..........#.....8.....#.#
########..............####......#


You could see Snorg (berserk, contam, misshapen), an orc priest and an orc.

Vanquished Creatures
  2 vault guards (Bailey)
  3 two-headed ogres
  A boulder beetle (D:11)
  A necromancer (D:9)
  Pikel (D:7)
  A gargoyle (D:10)
  A cane toad (Bailey)
  Maggie (D:6)
  Jeremiah (D:8)
  A kobold demonologist (D:9)
  A komodo dragon (D:10)
  4 trolls
  2 hornets (D:10)
  Prince Ribbit (D:6)
  Sigmund (D:2)
  2 wraiths
  11 yaks
  3 wyverns
  2 shadows (D:10)
  3 humans (Bailey)
  A vampire mosquito (D:10)
  5 acid dragons
  2 water moccasins
  3 sky beasts
  8 orc warriors
  A laughing skull (D:9)
  An ogre (D:7)
  8 centaurs
  A phantom (D:4)
  A wolf (D:9)
  2 lemures (D:7)
  4 kobold brigands
  Blork the orc (D:6)
  16 bullfrogs
  2 gnoll sergeants
  A scorpion (D:6)
  A burial acolyte (Ossuary)
  9 wights
  7 water moccasin zombies (Ossuary)
  A killer bee (D:9)
  8 howler monkeys
  An electric eel (D:6)
  A bombardier beetle (D:7)
  2 jellies
  6 orc priests
  2 gnoll boudas
  5 hounds
  Jessica (D:3)
  A sleepcap (D:5)
  12 orc wizards
  2 polar bear simulacra (D:9)
  4 yak simulacra (D:9)
  A crocodile zombie (Ossuary)
  A bullfrog simulacrum (Ossuary)
  2 mummies (Ossuary)
  11 gnolls
  5 adders
  A river rat (D:9)
  2 white imps
  An adder zombie (Ossuary)
  4 dart slugs
  27 orcs
  4 bats
  5 endoplasms
  3 giant cockroaches
  9 gnoll zombies (Ossuary)
  7 goblins
  5 hobgoblins
  8 jackals
  6 quokkas
  4 ball pythons
  6 frilled lizards
  6 jackal zombies (Ossuary)
  14 kobolds
  An orc zombie (Ossuary)
  8 rats
  5 river rat simulacra (D:9)
309 creatures vanquished.

Vanquished Creatures (others)
  A river rat (D:9)
1 creature vanquished.

Grand Total: 310 creatures vanquished

Notes
Turn   | Place    | Note
-------+----------+-------------------------------------------
     0 | D:1      | Ashen the Troll Shapeshifter began the quest for the Orb.
     0 | D:1      | Reached XP level 1. HP: 18/18 MP: 0/0
     8 | D:1      | Noticed a hound
     8 | D:1      | Noticed a black mamba
     8 | D:1      | Noticed a brain worm
     9 | D:1      | Noticed a scorpion
     9 | D:1      | Noticed a six-headed hydra
    80 | D:1      | Reached skill level 1 in Fighting
   128 | D:1      | Reached XP level 2. HP: 27/27 MP: 1/1
   426 | D:1      | Reached XP level 3. HP: 30/33 MP: 2/2
   585 | D:2      | Found an iron altar of Okawaru.
   656 | D:2      | Noticed Sigmund
   663 | D:2      | Killed Sigmund
   664 | D:2      | Reached skill level 4 in Unarmed Combat
   664 | D:2      | Reached XP level 4. HP: 29/42 MP: 3/3
   664 | D:2      | Reached XP level 5. HP: 34/49 MP: 4/4
  1424 | D:3      | Found a burning altar of Makhleb.
  1531 | D:3      | Noticed Jessica
  1538 | D:3      | Killed Jessica
  1730 | D:4      | Reached XP level 6. HP: 53/59 MP: 5/5
  1766 | D:4      | HP: 1/59 [gnoll/+0 spear (3)]
  1899 | D:4      | Found an ornate altar of the Wu Jian Council.
  1899 | D:4      | Found a snail-covered altar of Cheibriados.
  2092 | D:4      | Found a staircase to the Ecumenical Temple.
  2117 | D:4      | Became a worshipper of the Wu Jian Council
  2410 | D:5      | Entered Level 5 of the Dungeon
  2419 | D:5      | Noticed a water moccasin
  2424 | D:5      | Killed a water moccasin
  2425 | D:5      | Reached XP level 7. HP: 67/67 MP: 6/6
  2501 | D:5      | Reached skill level 5 in Unarmed Combat
  2942 | D:6      | Noticed Blork the orc
  2953 | D:6      | Killed Blork the orc
  2954 | D:6      | Reached skill level 5 in Shapeshifting
  3020 | D:6      | Found Ymele's General Store.
  3024 | D:6      | Bought a potion of lignification for 42 gold pieces
  3121 | D:6      | Found a sand-covered staircase.
  3134 | D:6      | Reached XP level 8. HP: 78/78 MP: 7/7
  3161 | Ossuary  | Entered an ossuary
  3178 | Ossuary  | Reached * piety under Wu Jian
  3253 | Ossuary  | Reached skill level 6 in Unarmed Combat
  3427 | D:6      | Noticed Prince Ribbit
  3427 | D:6      | Noticed Maggie
  3445 | D:6      | Killed Maggie
  3446 | D:6      | Reached skill level 5 in Dodging
  3446 | D:6      | Reached XP level 9. HP: 75/87 MP: 8/8
  3466 | D:6      | Killed Prince Ribbit
  3467 | D:6      | Reached skill level 5 in Fighting
  3517 | D:6      | Found Wassiesk's Armour Emporium.
  4026 | D:7      | Reached ** piety under Wu Jian
  4103 | D:7      | Noticed Pikel
  4150 | D:7      | Killed Pikel
  4151 | D:7      | Reached skill level 7 in Unarmed Combat
  4164 | D:7      | Found an ancient bone altar of Kikubaaqudgha.
  4192 | D:7      | Found a hazy altar of Hepliaklqana.
  4356 | D:7      | Found a runed translucent gate.
  4357 | D:7      | Found a runed translucent gate.
  4358 | D:7      | Found a runed translucent gate.
  4359 | D:7      | Noticed Farlane's ghost (novice HOMo)
  4645 | D:8      | Noticed a troll
  4700 | D:8      | Killed a troll
  4701 | D:8      | Reached XP level 10. HP: 41/97 MP: 9/9
  4820 | D:8      | Reached skill level 8 in Unarmed Combat
  4897 | D:8      | Noticed a two-headed ogre
  4906 | D:8      | Killed a two-headed ogre
  4910 | D:8      | Found a sacrificial altar of Ru.
  4952 | D:8      | Found a glowing silver altar of Zin.
  5025 | D:8      | Identified the +3 dagger "Trog's Righteous Anger" {freeze,
                  | rElec Will- rCorr Str+5}
  5127 | D:8      | Noticed Jeremiah
  5162 | D:8      | Killed Jeremiah
  5423 | D:8      | Found a basalt altar of Yredelemnul.
  5576 | D:9      | Reached *** piety under Wu Jian
  5959 | D:9      | Noticed a necromancer
  5971 | D:9      | Killed a necromancer
  6124 | D:9      | Reached skill level 9 in Unarmed Combat
  6187 | D:9      | Identified the +6 dire flail "Vuoroubad" {pain, rElec Will+
                  | Str-4 Dex+4}
  6226 | D:9      | Noticed a smoke demon
  6228 | D:9      | Reached XP level 11. HP: 43/109 MP: 10/10
  6235 | D:9      | Reached **** piety under Wu Jian
  6475 | D:9      | Identified the +0 scale mail of the Battered Defenders
                  | {rC+}
  6636 | D:9      | Found a broken altar of Ashenzari.
  6640 | D:9      | Saw a vision of the Shoals and the Snake Pit.
  6640 | D:9      | Noticed a skyshark
  6640 | D:9      | Noticed a skyshark
  6640 | D:9      | Noticed a merfolk impaler
  6640 | D:9      | Noticed a skyshark
  6640 | D:9      | Noticed a mana viper
  6641 | D:9      | Noticed a mana viper
  6885 | D:10     | Entered Level 10 of the Dungeon
  6897 | D:10     | Found a flagged portal.
  6949 | Bailey   | Entered a bailey
  7053 | Bailey   | Noticed a vault guard
  7079 | Bailey   | Killed a vault guard
  7128 | Bailey   | Noticed a vault guard
  7141 | Bailey   | Killed a vault guard
  7141 | Bailey   | Reached ***** piety under Wu Jian
  7189 | Bailey   | Reached skill level 10 in Unarmed Combat
  7209 | D:10     | Identified the +0 whip "Buonuasi" {flame, rN+}
  7220 | D:10     | Noticed a two-headed ogre
  7236 | D:10     | Killed a two-headed ogre
  7268 | D:10     | Noticed a two-headed ogre
  7289 | D:10     | Killed a two-headed ogre
  7346 | D:10     | Reached XP level 12. HP: 116/122 MP: 11/11
  7850 | D:11     | Noticed a boulder beetle
  7859 | D:11     | Killed a boulder beetle
  7886 | D:11     | Noticed Snorg
  7900 | D:10     | Slain by Snorg

Illustrated notes

Levels and vault maps discovered:
D:1:      onia_arrival_zoo_common, layout_rooms
D:2:      layout_basic, basic_altar, nicolae_underground_beach, uniq_sigmund
D:3:      layout_rooms, overflow_temple_1_default, uniq_jessica
D:4:      layout_loops_ring, grunt_temple_overflow_open,
          minmay_temple_entry_gardened_gates
D:5:      layout_rooms
D:6:      layout_rooms, serial_shops, nicolae_shop_hallway_stairs,
          nicolae_square_shop, enter_ossuary_1, mrwooster_statue_mirror,
          chequers_big_river, uniq_maggie, uniq_blork_the_orc,
          uniq_prince_ribbit1
D:7:      layout_basic, nicolae_overflow_crystal_walls,
          mainiacjoe_overflow_alcove_2, gammafunk_ghost_necromancy, uniq_pikel
D:8:      layout_gridville, hangedman_ru_absence, mainiacjoe_overflow_swirl,
          uniq_jeremiah
D:9:      minmay_the_grid_octo_tiled_squarecenter
          [minmay_the_grid_octo_fan_narrow, minmay_the_grid_octo_fat_diamond,
          minmay_the_grid_octo_clover_2, minmay_the_grid_octo_checkerflower,
          minmay_the_grid_square_5x5_megaprize_hollow,
          minmay_the_grid_square_5x5_minibox,
          minmay_the_grid_square_5x5_broken_cross,
          minmay_the_grid_square_5x5_six_small,
          minmay_the_grid_square_5x5_percent], layout_loops_cross,
          grunt_ashenzari_visionary [grunt_ashenzari_visionary_shoals,
          grunt_ashenzari_visionary_snake], eino_house_with_fridge
D:10:     minmay_four_partial_circles, layout_rooms, enter_bailey_6
D:11:     layout_cave_pods, lair_entry_dummy, special_room [special_room_orc],
          gammafunk_ghost_nasty_kobolds, nicolae_fountain_basement, uniq_snorg

Skill      XL: |  1  2  3  4  5  6  7  8  9 10 11 |
---------------+----------------------------------+-----
Fighting       | 1 2 3 4 6 7 8 |  8.5
Dodging        | 2 3 4 5 6 7 8 |  8.7
Unarmed Combat | 4 5 6 7 9 10 | 10.7
Shapeshifting  | 4 5 6 7 8 9 |  9.9

Action                     |  1- 3 |  4- 6 |  7- 9 | 10-12 || total
---------------------------+-------+-------+-------+-------++-------
  Melee: Unarmed           |    52 |   118 |   299 |   515 ||   984
         Punch             |     1 |     3 |    12 |       ||    16
         Constrict         |       |       |       |     1 ||     1
Ability: Lunge             |       |     3 |    19 |    26 ||    48
         Whirlwind         |       |       |    17 |    21 ||    38
  Evoke: Wand              |       |       |       |     3 ||     3
    Use: Potion            |       |       |       |     2 ||     2
   Stab: Sleeping          |       |       |     3 |       ||     3
         Distracted        |       |       |       |     1 ||     1
 Armour: Animal skin       |    36 |    91 |   167 |     1 ||   295
         Skin              |       |       |     3 |   212 ||   215
  Dodge: Dodged            |    28 |    61 |   247 |   460 ||   796
   Form: Flux              |       |       |       |     2 ||     2
         Serpent           |       |       |       |     1 ||     1
